 Dungeon Crawl Stone Soup version 0.15-a0-1506-g1b030bc (webtiles) character file.

178 Crauler the Insei (level 5, -3/41 HPs)
             Began as a Draconian Transmuter on June 15, 2014.
             Slain by a gnoll (4 damage)
             ... on Level 3 of the Dungeon.
             The game lasted 00:10:04 (3494 turns).

Crauler the Insei (Draconian Transmuter)            Turns: 3494, Time: 00:10:04

HP  -3/41        AC  2     Str 12      XL: 5   Next: 32%
MP   3/9         EV 20     Int 14      God:
Gold 129         SH  0     Dex 17      Spells:  2 memorised,  5 levels left

rFire  . . .     SeeInvis .       - Unarmed
rCold  . . .     Clarity  .     (armour unavailable)
rNeg   . . .     rCorr    .     y - melded +0 buckler
rPois  x         rRot     .     (helmet currently unavailable)
rElec  .         Spirit   .     (cloak currently unavailable)
SustAb .         Warding  .     (gloves currently unavailable)
rMut   .         Stasis   .     j - melded +0 pair of boots
Gourm  .                        x - amulet of faith
MR     .....                    (no ring)
                                (no ring)

@: spider-form, not resistant to hostile enchantments, unstealthy
A: unfitting armour, (cold-blooded), AC +5
a: End Transformation


You were on level 3 of the Dungeon.
You were hungry.
You were in spider-form.
You visited 1 branch of the dungeon, and saw 4 of its levels.

You collected 129 gold pieces.

Inventory:

Hand weapons
 G - a +0 blowgun
Missiles
 b - 12 arrows
 z - 55 poisoned needles
Armour
 j - a +0 pair of boots (melded)
 y - a +0 buckler (melded)
Comestibles
 a - 2 bread rations
 u - a meat ration
 D - a chunk of quokka flesh
 H - a chunk of giant gecko flesh
Scrolls
 f - 2 scrolls of recharging {unknown}
 g - a scroll of enchant weapon I {unknown}
 h - 2 scrolls of amnesia {unknown}
 i - 2 scrolls of identify {unknown}
 l - 2 scrolls of enchant armour {unknown}
 n - 2 scrolls of magic mapping {unknown}
 o - a scroll of noise {unknown}
 p - a scroll of teleportation {unknown}
 s - 2 scrolls of remove curse {unknown}
 C - 2 scrolls of immolation {unknown}
Jewellery
 x - an amulet of faith (around neck)
Potions
 c - a potion of haste {unknown}
 e - a potion of confusion {unknown}
 k - 2 potions of might {unknown}
 m - a potion of resistance {unknown}
 q - 3 potions of curing {unknown}
 r - a potion of heal wounds {unknown}
 t - 2 potions of magic {unknown}
 v - a potion of agility {unknown}
 A - a potion of restore abilities {unknown}
 B - a potion of flight {unknown}
 F - 2 potions of mutation {unknown}
Books
 d - a book of Changes

   Spells                             Type                      Level
   *Beastly Appendage                 Transmutation                1
   Sticks to Snakes                   Transmutation                2
   *Spider Form                       Transmutation/Poison         3
   Ice Form                           Ice/Transmutation            4
   Blade Hands                        Transmutation                5
Miscellaneous
 w - a plain deck of changes


   Skills:
 + Level 2.0 Fighting
 * Level 2.6 Dodging
 * Level 3.8 Unarmed Combat
 + Level 2.7 Spellcasting
 * Level 3.5 Transmutations


You had 5 spell levels left.
You knew the following spells:

 Your Spells              Type           Power        Failure   Level  Hunger
a - Beastly Appendage     Trmt           ##....       17%         1    #......
b - Spider Form           Trmt/Pois      #.........   61%         3    ####...


Dungeon Overview and Level Annotations

Branches:
Dungeon (4/15)
 Temple: D:4-7

Altars:
Gozag
Nemelex Xobeh
Qazlal


Innate Abilities, Weirdness & Mutations

((Your plain brown scales are hard (AC +5).))*
Your body does not fit into most forms of armour.
((Your cold-blooded metabolism reacts poorly to cold.))*


Message History

The worker ant waves its antennae.
The orc hits you but does no damage.
You climb upwards.
There is a stone staircase leading down here.
The gnoll hits you!
* * * LOW HITPOINT WARNING * * *
Casting: Spider Form
Confirm with . or Enter, or press ? or * to list all spells.
You turn into a venomous arachnid creature.
Your +0 pair of boots melds into your body.
Your +0 buckler melds into your body.
Your magical contamination has completely faded away.
You hit the gnoll.
The gnoll is poisoned.
The gnoll is moderately wounded.
The gnoll hits you but does no damage.
Some of the chunks of flesh in your inventory have completely rotted away.
You hit the gnoll.
The gnoll looks even sicker.
The gnoll is severely wounded.
The gnoll hits you.
You die...

#........#.########.#.........#
######(#............#.........#
## #....>##########.........#
.## #####<# ####..#####
..##########.########## #..#
.................>....# #..##
..#####..###..####.##.####...#
.######..###..##.............#
..............##s.....####.#.#
#######........g.#....####.#.#
##.###.##[###........#.# #.#
#.#[## ##.[.......# #.#
#.##.###.##########
#.###.....#.## #...........#
#############


You could see a gnoll.

Vanquished Creatures
  4 adders
  2 gnolls (D:4)
  5 worms
  A giant mite (D:1)
  3 oozes
  5 orcs (D:3)
  9 bats
  7 giant cockroaches
  4 goblins
  4 hobgoblins
  5 jackals
  4 quokkas
  5 giant geckos
  5 giant newts
  3 kobolds
  7 rats
73 creatures vanquished.

Notes
Turn   | Place    | Note
--------------------------------------------------------------
     0 | D:1      | Crauler, the Draconian Transmuter, began the quest for the Orb.
     0 | D:1      | Reached XP level 1. HP: 16/16 MP: 3/3
   169 | D:1      | Reached XP level 2. HP: 10/23 MP: 4/4
   940 | D:2      | Reached XP level 3. HP: 3/28 MP: 6/6
  1211 | D:2      | Learned a level 3 spell: Spider Form
  1557 | D:2      | Reached XP level 4. HP: 35/35 MP: 8/8
  2073 | D:2      | Found a sparkling altar of Nemelex Xobeh.
  2727 | D:3      | Found a stormy altar of Qazlal.
  3092 | D:3      | Reached XP level 5. HP: 18/41 MP: 9/9
  3461 | D:4      | Found an opulent altar of Gozag.
  3489 | D:3      | HP: 1/41 [gnoll (7)]
  3494 | D:3      | Slain by a gnoll

Action                   |  1- 3 |  4- 6 || total
-------------------------+-------+-------++-------
Melee: Unarmed           |   180 |   192 ||   372
       Flail             |       |    14 ||    14
 Cast: Beastly Appendage |     1 |     4 ||     5
       Spider Form       |       |     3 ||     3
 Stab: Sleeping          |     1 |     2 ||     3
